 Dungeon Crawl Stone Soup version 0.27.1-33-g824d729ab1 (webtiles) character file.

Game seed: 6081645522407598101

88 GameOver the Conjurer (level 4, -2/36 HPs)
             Began as a Naga Hedge Wizard on Dec 30, 2021.
             Slain by a gnoll (8 damage)
             ... on level 2 of the Dungeon.
             The game lasted 00:05:42 (1233 turns).

GameOver the Conjurer (Naga Hedge Wizard)           Turns: 1233, Time: 00:05:42

Health: -2/36      AC:  2    Str: 12 (13) XL:     4   Next: 54%
Magic:  1/8        EV:  9    Int: 14 (15) God:
Gold:   74         SH:  0    Dex:  9 (10) Spells: 3/9 levels left

rFire    . . .     SeeInvis +   a - +0 rapier
rCold    . . .     Faith    .   (no shield)
rNeg     . . .     Spirit   .   b - +0 robe
rPois    +         Reflect  .   c - +0 hat
rElec    .         Harm     .   (no cloak)
rCorr    .         Rampage  .   (no gloves)
Will     .....                  (no barding)
Stlth    ++........             (no amulet)
HPRegen  0.12/turn              (no ring)
MPRegen  0.11/turn              (no ring)

@: very slow
A: AC +1, large, see invisible, deformed body, poison resistance, slowness 2,
spit poison 1, naga tail 1
a: Spit Poison


You were on level 2 of the Dungeon.
You visited 1 branch of the dungeon, and saw 2 of its levels.

You collected 74 gold pieces.

Inventory:

Hand Weapons
 a - a +0 rapier (weapon)
Armour
 b - a +0 robe (worn)
 c - a +0 hat (worn)
Scrolls
 e - a scroll of identify {unknown}
 f - a scroll of amnesia {unknown}
 h - a scroll of teleportation {unknown}
 i - a scroll of fear {unknown}
Potions
 g - a potion of degeneration
 j - a potion of flight {unknown}


   Skills:
 - Level 1.5 Dodging
 - Level 3.0 Stealth
 - Level 3.0 Spellcasting
 * Level 3.9 Conjurations
 - Level 1.0 Summonings
 - Level 1.0 Translocations
 + Level 1.8 Poison Magic


You had 3 spell levels left.
You knew the following spells:

 Your Spells              Type           Power      Damage    Failure   Level
a - Magic Dart            Conj           52%        1d5       4%          1
b - Blink                 Tloc           N/A        N/A       22%         2
d - Mephitic Cloud        Conj/Pois/Air  7%         N/A       28%         3

Your spell library contained the following spells:

 Spells                   Type           Power      Damage    Failure   Level
 Call Imp                 Summ           4%         N/A       22%         2
 Conjure Flame            Conj/Fire      7%         6-21      28%         3
 Slow                     Hex            2%         N/A       32%         2


Dungeon Overview and Level Annotations

Branches:
Dungeon (2/15)

Altars:


Innate Abilities, Weirdness & Mutations

Your serpentine skin is tough. (AC +1)
You have supernaturally acute eyesight. (SInv)
Armour fits poorly on your strangely shaped body.
Your system is resistant to poisons. (rPois)
You cover ground very slowly.
You can spit poison.
You have a snake-like lower body.


Message History

Aiming: Magic Dart (safe; 4% risk of failure)
Press: ? - help, Shift-Dir - straight line, f - gnoll
Aim: a gnoll, wielding a +0 flail and wearing a +0 robe (100% to hit)
The magic dart hits the gnoll but does no damage.
You have got your breath back.
The gnoll hits you with a +0 flail.
Press: ? - help, Shift-Dir - straight line, f/p - gnoll
Aim: a gnoll, wielding a +0 flail and wearing a +0 robe The splash of poison hits the gnoll!
The gnoll is severely wounded.
The gnoll hits you with a +0 flail.
Unknown command.
Casting: Magic Dart (safe; 4% risk of failure)
Confirm with . or Enter, or press ? or * to list all spells.
Aiming: Magic Dart (safe; 4% risk of failure)
Press: ? - help, Shift-Dir - straight line, f/p - gnoll
Aim: a gnoll, wielding a +0 flail and wearing a +0 robe (severely wounded, 100% to hit)
You miscast Magic Dart.
Nothing appears to happen.
The gnoll hits you with a +0 flail.
Unknown command.
Casting: Magic Dart (safe; 4% risk of failure)
Confirm with . or Enter, or press ? or * to list all spells.
Aiming: Magic Dart (safe; 4% risk of failure)
Press: ? - help, Shift-Dir - straight line, f/p - gnoll
Aim: a gnoll, wielding a +0 flail and wearing a +0 robe (severely wounded, 100% to hit)
The magic dart hits the gnoll but does no damage.
The gnoll is severely wounded.
The gnoll hits you with a +0 flail.
* * * LOW HITPOINT WARNING * * *
Unknown command.
Unknown command.
It was a potion of degeneration.
There was something very wrong with that liquid.
You feel weakened.
You feel dopey.
You feel clumsy.
You have got your breath back.
The gnoll barely misses you.
It was a potion of cancellation.
You feel magically purged.
Your magical contamination has completely faded away.
The gnoll hits you with a +0 flail!
You die...

♣..†.♣
♣♣.♣♣ #...
♣...♣♣
♣.♣♣ #..
..♣♣♣ ♣.♣
#.. ♣.♣
♣♣†♣ #..
♣♣♣ ♣.♣♣
#.# ♣.♣
#.# ♣♣♣.♣
#†# ♣..♣♣
#g#
♣♣♣♣♣♣♣.♣♣
#@####
♣...♣♣..♣
#....#
.♣♣.♣..♣♣
####.#
♣♣♣♣.♣.♣♣♣
#.# ♣
♣♣♣...♣♣♣♣
#.# ♣
♣♣.♣.♣.♣♣
#.# ♣♣
♣♣♣♣...♣♣
#.# .♣
♣♣♣..♣ #.#
.♣
♣♣.♣####.#


You could see a gnoll.

Vanquished Creatures
  2 adders (D:2)
  2 gnolls (D:2)
  A worm (D:2)
  4 ball pythons
  7 endoplasms
  A giant cockroach (D:2)
  6 goblins
  2 hobgoblins
  2 jackals (D:2)
  6 quokkas
  A bat (D:2)
  4 frilled lizards
  3 kobolds (D:1)
  4 rats
  A spectral goblin (D:1)
46 creatures vanquished.

Notes
Turn   | Place    | Note
-------+----------+-------------------------------------------
     0 | D:1      | GameOver the Naga Hedge Wizard began the quest for the Orb.
     0 | D:1      | Reached XP level 1. HP: 15/15 MP: 4/4
   114 | D:1      | Reached XP level 2. HP: 9/22 MP: 0/6
   297 | D:1      | Found a faded altar of an unknown god.
   429 | D:1      | Reached XP level 3. HP: 28/28 MP: 4/7
   432 | D:1      | Learned a level 2 spell: Blink
   436 | D:1      | Learned a level 3 spell: Mephitic Cloud
   891 | D:2      | Reached skill level 1 in Poison Magic
   967 | D:2      | Reached XP level 4. HP: 33/36 MP: 5/8
  1233 | D:2      | Slain by a gnoll

Illustrated notes

Levels and vault maps discovered:
D:1:      minmay_arrival_glassed_features, layout_basic,
          dreamdust_ecumenical_altar_drowned_temple
D:2:      kb_forest_paths, layout_loops_ring

Skill      XL: |  1  2  3 |
---------------+----------+-----
Conjurations   | 2 3 |  3.9
Poison Magic   | 1 |  1.8
Dodging        | |  1.5
Stealth        | |  3.0
Spellcasting   | |  3.0
Summonings     | |  1.0
Translocations | |  1.0

Action                   |  1- 3 |  4- 6 || total
-------------------------+-------+-------++-------
Melee: Short sword       |     8 |       ||     8
       Rapier            |       |     4 ||     4
 Cast: Magic Dart        |    58 |    10 ||    68
 Abil: Spit Poison       |    37 |    11 ||    48
  Use: Potion            |       |     2 ||     2
 Stab: Sleeping          |     1 |       ||     1
Armor: Robe              |     2 |     1 ||     3
Dodge: Dodged            |    12 |     8 ||    20
